 Dungeon Crawl Stone Soup version 0.29-a0-82-g837932c90e (webtiles) character file.

Game seed: 17019712247846868129

1452 HallandMoats the Vandal (level 8, 0/60 HPs)
             Began as a Demonspawn Fighter on Feb 5, 2022.
             Succumbed to a gnoll sergeant's poison
             ... on level 6 of the Dungeon.
             The game lasted 00:08:20 (6082 turns).

HallandMoats the Vandal (Demonspawn Fighter)        Turns: 6082, Time: 00:08:21

Health: 0/60       AC: 19    Str: 23    XL:     8   Next: 47%
Magic:  11/11      EV: 10    Int:  9    God:
Gold:   340        SH:  0    Dex: 19    Spells: 7/7 levels left

rFire   . . .      SeeInvis .   a - +8 hunting sling of Raokaoz {venom, Dex+4}
rCold   . . .      Faith    .   c - +2 buckler "Byit" {Rampage Will+ Dex+2}
rNeg    . . .      Spirit   +   j - +5 scale mail of Umonohi {rElec Str+4}
rPois   .          Reflect  .   l - +1 helmet
rElec   +          Harm     .   g - +0 cloak
rCorr   +          Rampage  +   m - +2 pair of gloves
Will    +....                   (no boots)
Stlth   ..........              f - amulet of guardian spirit
HPRegen 0.20/turn               p - ring of resist corrosion
MPRegen 0.12/turn               (no ring)

@: confused, lethally poisoned (0 -> -26), ambrosia-drunk
A: foul stench 1, spiny 1, sharp scales 1, weakness stinger 1
a: no special abilities


You were on level 6 of the Dungeon.
You visited 1 branch of the dungeon, and saw 6 of its levels.

You collected 340 gold pieces.

Inventory:

Hand Weapons
 a - the +8 hunting sling of Raokaoz (weapon) {venom, Dex+4}
   (You took it off an orc on level 4 of the Dungeon)

   Any ammunition fired from it poisons the flesh of those it strikes.
   Dex:       It affects your dexterity (+4).
 b - a +0 hand axe of electrocution
 h - a +0 long sword
Missiles
 t - 124 stones (quivered ammo)
Armour
 c - the +2 buckler "Byit" (worn) {Rampage Will+ Dex+2}
   (You acquired it on level 4 of the Dungeon)

   Dex:       It affects your dexterity (+2).
   Rampage:   It bestows one free step when moving towards enemies.
   Will:      It increases your willpower.
 g - a +0 cloak (worn)
 j - the +5 scale mail of Umonohi (worn) {rElec Str+4}
   (You took it off an orc on level 4 of the Dungeon)

   Str:       It affects your strength (+4).
   rElec:     It insulates you from electricity.
 k - a +1 leather armour of willpower
 l - a +1 helmet (worn)
 m - a +2 pair of gloves (worn)
Jewellery
 f - an amulet of guardian spirit (around neck)
 p - a ring of resist corrosion (left hand)
Wands
 s - a wand of flame (6)
Scrolls
 u - a scroll of vulnerability {unknown}
 v - a scroll of identify
 w - a scroll of enchant armour {unknown}
Potions
 d - 2 potions of might
 e - a potion of haste
 i - 2 potions of berserk rage
 n - a potion of cancellation
 o - a potion of brilliance
 q - a potion of ambrosia
 r - a potion of heal wounds {unknown}


   Skills:
 - Level 4.3 Fighting
 - Level 3.4 Long Blades
 * Level 5.7 Slings
 - Level 3.3 Armour
 - Level 1.8 Dodging
 + Level 5.4 Shields
 - Level 4.1 Invocations


You had 7 spell levels left.
You didn't know any spells.
Your spell library contained the following spells:

 Spells                   Type           Power      Damage    Failure   Level
 Sandblast                Erth           0%         2d4       78%         1
 Passwall                 Tmut/Erth      0%         N/A       89%         2
 Sublimation of Blood     Necr           0%         N/A       89%         2
 Stone Arrow              Conj/Erth      0%         3d7       98%         3
 Petrify                  Tmut/Erth      0%         N/A       100%        4
 Irradiate                Conj/Tmut      0%         3d13      100%        5


Dungeon Overview and Level Annotations

Branches:
Dungeon (6/15)
 Temple: D:4-7

Altars:
Cheibriados
Dithmenos
Ru
Xom
Yredelemnul
The Shining One
Beogh


Innate Abilities, Weirdness & Mutations

You may rarely emit foul miasma when damaged in melee.
You are partially covered in sharp spines.
You are partially covered in razor-sharp scales. (AC +1, Slay +1)
You have a small tail.


Message History

The gnoll hits you from afar with a +2 spear of venom.
You are lethally poisoned!
You are too injured to fight recklessly!
Unknown command.
You are too injured to fight recklessly!
You are too injured to fight recklessly!
* * * LOW HITPOINT WARNING * * *
You feel extremely sick.
You kill the gnoll!
* * * LOW HITPOINT WARNING * * *
You feel very sick.
It was a potion of haste.
You feel yourself speed up.
* * * LOW HITPOINT WARNING * * *
You feel very sick. The orc hits you but does no damage.
It was a potion of cancellation.
Your magical effects are unravelling.
You feel magically purged.
You feel yourself slow down.
* * * LOW HITPOINT WARNING * * *
You feel very sick.
An adder comes into view.
It was a potion of ambrosia.
You are confused.
You feel invigorated.
* * * LOW HITPOINT WARNING * * *
You feel very sick.
The adder hisses angrily.
The orc hits you but does no damage.
You are too confused!
You closely miss the orc.
* * * LOW HITPOINT WARNING * * *
You feel very sick. The orc is struck by your spines.
The orc hits you but does no damage.
The gnoll sergeant hits you from afar with a +1 trident of venom!
* * * LOW HITPOINT WARNING * * *
You are more poisoned.
The orc misses you.
Unknown command.
You die...

#.........#
##..#.#####
##....#
#...)##
#####...).#
........).#
.####....(#
###.....#
#.....@.#
######g##o...#
((..)(Sgg....#
.....s(##....#
....#.( #....#
......( #....#
. ###.g ######
..( ...l


You could see a gnoll sergeant, a scorpion, 2 gnolls, an adder and an orc.

Vanquished Creatures
  The ghost of lordive the Sneak, an amateur SpEn (D:4)
  An ice beast (D:6)
  An orc warrior (D:6)
  3 ogres (D:5)
  A phantom (D:6)
  2 scorpions
  4 wights (D:6)
  A hound (D:6)
  A gnoll shaman (D:5)
  2 orc priests (D:4)
  2 iguanas
  Natasha (thrice) (D:2)
  Ijyb (D:3)
  2 orc wizards (D:6)
  4 gnolls
  4 adders
  3 ufetubi
  A worm (D:2)
  A dart slug (D:3)
  18 orcs
  7 endoplasms
  A giant cockroach (D:2)
  3 goblins
  10 hobgoblins
  11 jackals
  3 quokkas
  3 ball pythons
  6 bats
  3 frilled lizards
  5 kobolds
  5 rats
113 creatures vanquished.

Notes
Turn   | Place    | Note
-------+----------+-------------------------------------------
     0 | D:1      | HallandMoats the Demonspawn Fighter began the quest for the
                  | Orb.
     0 | D:1      | Reached XP level 1. HP: 18/18 MP: 1/1
   200 | D:1      | Gained mutation: You are partially covered in sharp spines.
                  | [demonic ancestry]
   200 | D:1      | Reached XP level 2. HP: 24/24 MP: 2/2
   212 | D:1      | Reached skill level 1 in Invocations
   479 | D:1      | Found a faded altar of an unknown god.
   573 | D:1      | Gained mutation: You are partially covered in razor-sharp
                  | scales. (AC +1, Slay +1) [demonic ancestry]
   573 | D:1      | Reached XP level 3. HP: 29/29 MP: 4/4
  1379 | D:2      | Noticed Natasha
  1388 | D:2      | Killed Natasha
  1389 | D:2      | Reached skill level 1 in Dodging
  1389 | D:2      | Reached XP level 4. HP: 22/35 MP: 3/5
  1661 | D:2      | Noticed Natasha
  1709 | D:2      | Killed Natasha
  2287 | D:3      | Found a faded altar of an unknown god.
  2291 | D:3      | Found a shimmering altar of Xom.
  2618 | D:3      | Reached XP level 5. HP: 39/42 MP: 5/7
  2694 | D:3      | Found a snail-covered altar of Cheibriados.
  2961 | D:3      | Noticed Ijyb
  2975 | D:3      | Killed Ijyb
  3321 | D:4      | Identified a scroll of acquirement
  3321 | D:4      | Acquired the +2 buckler "Byit" {Rampage Will+ Dex+2}
  3549 | D:4      | Found a runed translucent gate.
  3549 | D:4      | Found a runed translucent gate.
  3549 | D:4      | Found a runed translucent gate.
  3549 | D:4      | Noticed lordive's ghost (amateur SpEn)
  3550 | D:4      | Identified the +8 hunting sling of Raokaoz {venom, Dex+4}
  3550 | D:4      | Identified the +5 scale mail of Umonohi {rElec Str+4}
  4326 | D:4      | Killed lordive's ghost
  4327 | D:4      | Gained mutation: You may rarely emit foul miasma when
                  | damaged in melee. [demonic ancestry]
  4327 | D:4      | Reached XP level 6. HP: 40/48 MP: 3/8
  4895 | D:2      | Noticed Natasha
  4897 | D:2      | Killed Natasha
  5042 | D:5      | Entered Level 5 of the Dungeon
  5063 | D:5      | Reached skill level 1 in Slings
  5154 | D:5      | Found a sacrificial altar of Ru.
  5154 | D:5      | Found a basalt altar of Yredelemnul.
  5211 | D:5      | Gained mutation: You have a small tail. [demonic ancestry]
  5211 | D:5      | Reached XP level 7. HP: 54/54 MP: 10/10
  5705 | D:5      | Found a shadowy altar of Dithmenos.
  5970 | D:6      | Reached XP level 8. HP: 60/60 MP: 11/11
  6068 | D:6      | Reached skill level 5 in Slings
  6068 | D:6      | Reached skill level 5 in Shields
  6081 | D:6      | HP: 3/60 [gnoll sergeant (3)]
  6082 | D:6      | Succumbed to a gnoll sergeant's poison

Illustrated notes

Levels and vault maps discovered:
D:1:      scummos_arrival_checkerplants, layout_basic,
          ebering_ecumenical_altar_sacrificial
D:2:      layout_basic, uniq_natasha
D:3:      wad_pebble_path, layout_basic, mainiacjoe_overflow_six_doors_small,
          nicolae_overflow_ecumenical_swirl, serial_bayou, serial_bayou_ford_a,
          serial_bayou_pond_d, serial_bayou_lake_a, serial_bayou_crossing,
          grunt_ministairs_14, uniq_ijyb
D:4:      layout_basic, biasface_ghost_orc_armoury
D:5:      layout_loops_ring, gammafunk_temple_overflow_forgotten,
          marbit_many_paths, minivault_25, grunt_ministairs_14,
          kennysheep_generic_room_4
D:6:      layout_rooms, uniq_eustachio

Skill      XL: |  1  2  3  4  5  6  7  8 |
---------------+-------------------------+-----
Long Blades    | 2 3 |  3.4
Invocations    | 1 2 3 4 |  4.1
Dodging        | 1 |  1.8
Shields        | 3 4 5 |  5.4
Armour         | 3 |  3.3
Fighting       | 4 |  4.3
Slings         | 1 4 5 |  5.7

Action                   |  1- 3 |  4- 6 |  7- 9 || total
-------------------------+-------+-------+-------++-------
Melee: Long sword        |   107 |   108 |       ||   215
       Hunting sling     |       |       |     1 ||     1
 Fire: Hunting sling     |       |    11 |    80 ||    91
  Use: Scroll            |       |     6 |       ||     6
       Potion            |       |     1 |     3 ||     4
 Stab: Sleeping          |       |     1 |       ||     1
Armor: Scale mail        |    11 |     1 |    18 ||    30
       Leather armour    |    36 |    29 |       ||    65
Dodge: Dodged            |    63 |    49 |    12 ||   124
Block: Buckler           |    43 |    24 |    14 ||    81

Table legend: (Time is in decaauts)
 A = Elapsed time spent in this place.
 B = Non-inter-level travel time spent in this place.
 C = Inter-level travel time spent in this place.
 D = Time resting spent in this place.
 E = Time spent auto-exploring this place.
 F = Levels seen in this place.
 G = Mean time per level.
                   A        B        C        D        E       F      G
               +--------+--------+--------+--------+--------+-----+--------+
         Total |   6251 |   5821 |    430 |    771 |   4149 |   6 | 1041.8 |
       Dungeon |   6251 |   5821 |    430 |    771 |   4149 |   6 | 1041.8 |
               +--------+--------+--------+--------+--------+-----+--------+

Top non-repeatable levels by time:
     D:2: 1694 daAuts
     D:3: 1444 daAuts
     D:4: 1290 daAuts
     D:5: 849 daAuts
     D:1: 777 daAuts
     D:6: 194 daAuts
